 Dungeon Crawl Stone Soup version 0.28.0-53-g5a82cb258f (webtiles) character file.

Game seed: 5391845018023810337

5044 Doot the Covert (level 10, -5/62 HPs)
             Began as an Octopode Enchanter on May 27, 2022.
             Was a Follower of Sif Muna.
             Slain by a centaur warrior zombie (8 damage)
             ... on level 10 of the Dungeon.
             The game lasted 00:18:03 (11998 turns).

Doot the Covert (Octopode Enchanter)               Turns: 11998, Time: 00:18:04

Health: -5/62      AC:  1    Str:  9    XL:     10   Next: 55%
Magic:  22/22      EV: 13    Int: 21    God:    Sif Muna [*.....]
Gold:   367        SH:  3    Dex: 12    Spells: 10/25 levels left

rFire   . . .      SeeInvis .   F - +2 short sword (speed)
rCold   . . .      Faith    .   c - +0 buckler
rNeg    . . .      Spirit   .   (helmet restricted)
rPois   .          Reflect  .   (no amulet)
rElec   .          Harm     .   (no ring)
rCorr   .          Rampage  .   (no ring)
Will    .....                   (no ring)
Stlth   ++++++....              (no ring)
HPRegen 0.20/turn               (no ring)
MPRegen 0.18/turn               (no ring)
                                (no ring)
                                (no ring)

@: invisible
A: almost no armour, amphibious, 8 rings, camouflage 1, gelatinous body 1,
(nimble swimmer 1), tentacles
a: Renounce Religion, Channel Magic


You were on level 10 of the Dungeon.
You worshipped Sif Muna.
Sif Muna was aware of your devotion.
You visited 2 branches of the dungeon, and saw 11 of its levels.
You also visited: Sewer.

You collected 367 gold pieces.

Inventory:

Hand Weapons
 a - a +1 dagger
 o - a +2 dagger of venom
 F - a +2 short sword of speed (weapon)
Missiles
 p - 38 poisoned darts
 q - a curare-tipped dart
 A - 2 throwing nets
Armour
 c - a +0 buckler (worn)
Jewellery
 E - a ring of willpower
Wands
 l - a wand of iceblast (23)
 y - a wand of polymorph (7)
Scrolls
 i - 2 scrolls of enchant armour {unknown}
 j - 2 scrolls of immolation {unknown}
 k - 2 scrolls of amnesia {unknown}
 m - 3 scrolls of magic mapping {unknown}
 n - a scroll of brand weapon {unknown}
 t - 4 scrolls of identify {unknown}
 u - 2 scrolls of fear {unknown}
 v - a scroll of enchant weapon {unknown}
 w - 4 scrolls of teleportation {unknown}
 x - 4 scrolls of vulnerability {unknown}
 B - a scroll of blinking {unknown}
 D - a scroll of summoning {unknown}
 G - a scroll of torment {unknown}
Potions
 b - a potion of invisibility
 d - a potion of degeneration {unknown}
 e - 3 potions of magic
 f - 3 potions of lignification {unknown}
 g - a potion of cancellation {unknown}
 h - 4 potions of heal wounds {unknown}
 r - a potion of haste {unknown}
 s - 3 potions of curing {unknown}
 z - 2 potions of attraction {unknown}
 C - a potion of brilliance {unknown}
 I - a potion of might {unknown}
Miscellaneous
 H - a phantom mirror


   Skills:
 + Level 2.9 Fighting
 + Level 4.5 Short Blades
 + Level 3.6 Dodging
 + Level 11.5 Stealth
 + Level 0.8 Shields
 * Level 8.0 Spellcasting
 + Level 5.7 Hexes
 + Level 4.3 Ice Magic
 * Level 4.1 Invocations


You had 10 spell levels left.
You knew the following spells:

 Your Spells              Type           Power      Damage    Failure   Level
a - Ensorcelled Hibernat  Hex/Ice        58%        N/A       1%          2
b - Confusing Touch       Hex            32%        N/A       3%          3
c - Mephitic Cloud        Conj/Pois/Air  8%         N/A       32%         3
d - Tukima's Dance        Hex            32%        N/A       3%          3
e - Fulminant Prism       Conj/Hex       10%        3d9       32%         4

Your spell library contained the following spells:

 Spells                   Type           Power      Damage    Failure   Level
 Dazzling Flash           Conj/Hex       40%        N/A       10%         3
 Magic Dart               Conj           32%        1d4       11%         1
 Shock                    Conj/Air       32%        1d5       11%         1
 Call Imp                 Summ           8%         N/A       16%         2
 Searing Ray              Conj           16%        2d5       16%         2
 Swiftness                Air            8%         N/A       32%         3
 Airstrike                Air            4%         N/A       71%         4


Dungeon Overview and Level Annotations

Branches:
Dungeon (10/15)            Temple (1/1) D:7           Sewer (visited)
   Lair: D:8-11         Orc: D:9-12

Altars:
Ashenzari
Elyvilon
Fedhas
Gozag
Kikubaaqudgha
Makhleb
Okawaru
Ru
Sif Muna
Trog
Uskayaw
Vehumet
Wu Jian
Xom
Yredelemnul
Zin

Shops:
D:3 =   D:4 (

Annotations:
D:7 Joseph


Innate Abilities, Weirdness & Mutations

You cannot wear most types of armour.
You are amphibious.
You can wear up to eight rings at the same time.
Your skin changes colour to match your surroundings (Stealth+).
Your rubbery body absorbs attacks. (AC +1, EV +1)
((You are camouflaged when in or above water. (Stealth+)))
You have tentacles for arms and can constrict up to eight enemies at once.


Message History

There is a stone staircase leading down here.
You open the door.
There is an open door here.
A centaur warrior zombie comes into view.
A yak comes into view.
The helpless centaur warrior zombie fails to defend itself.
You spit the centaur warrior zombie like a pig!!!
The centaur warrior zombie is heavily damaged.
The centaur warrior zombie hits you.
You block the centaur warrior zombie's attack.
The centaur warrior zombie hits you. The centaur warrior zombie kicks you.
You hit the centaur warrior zombie.
The centaur warrior zombie is severely damaged.
The centaur warrior zombie hits you! The centaur warrior zombie misses you.
You hit the centaur warrior zombie.
The centaur warrior zombie is severely damaged.
The centaur warrior zombie hits you! The centaur warrior zombie kicks you.
You barely miss the centaur warrior zombie.
The centaur warrior zombie is severely damaged.
The centaur warrior zombie hits you! The centaur warrior zombie kicks you.
You hit the centaur warrior zombie but do no damage.
You squeeze the centaur warrior zombie.
The centaur warrior zombie is severely damaged.
The centaur warrior zombie hits you!
* * * LOW HITPOINT WARNING * * *
The centaur warrior zombie closely misses you.
You hit the centaur warrior zombie. You squeeze the centaur warrior zombie.
The centaur warrior zombie is severely damaged.
The centaur warrior zombie hits you.
* * * LOW HITPOINT WARNING * * *
The centaur warrior zombie misses you.
It was a potion of magic.
Magic courses through your body. The centaur warrior zombie hits you.
* * * LOW HITPOINT WARNING * * *
The centaur warrior zombie kicks you.
* * * LOW HITPOINT WARNING * * *
Unknown command.
You fade into invisibility!
The centaur warrior zombie hits you!
You die...

................#....+
.......##+###...#....#
.......# #...'....#
.......# #...#....#
.......# +...#....#
######.######...#....#
#..........#....#
#..........######..
#####.....Z@.......
#..#######..... #..#
### #..# #..# #..#
#... #...# .P.Y.


You could see a centaur warrior zombie.

Vanquished Creatures
  A two-headed ogre (D:9)
  A hornet (D:6)
  8 yaks
  A wyvern (D:5)
  3 steam dragons
  Menkaure (D:7)
  A water moccasin (D:8)
  An orc warrior (D:8)
  2 sky beasts
  An ice beast (D:7)
  2 hornet zombies
  An ogre (D:6)
  2 centaurs
  5 kobold brigands
  A bullfrog (D:6)
  A scorpion (D:5)
  A water moccasin zombie (D:5)
  A wyvern skeleton (D:6)
  2 wights (D:9)
  4 howler monkeys
  A centaur zombie (D:5)
  3 orc priests
  A jelly (D:5)
  A bullfrog skeleton (D:6)
  3 iguanas
  An orc wizard (D:9)
  A howler monkey zombie (D:9)
  10 gnolls
  12 adders
  2 river rats (Sewer)
  A shadow imp (D:7)
  A white imp (D:7)
  An ufetubus (D:5)
  3 worms
  2 dart slugs
  10 orcs
  9 ball pythons
  7 endoplasms
  9 giant cockroaches
  5 hobgoblins
  3 quokkas
  7 bats
  6 frilled lizards
  22 kobolds
  8 rats
169 creatures vanquished.

Vanquished Creatures (collateral kills)
  2 wights (D:9)
2 creatures vanquished.

Vanquished Creatures (others)
  6 fungi (D:5)
  3 plants (D:5)
9 creatures vanquished.

Grand Total: 180 creatures vanquished

Notes
Turn   | Place    | Note
-------+----------+-------------------------------------------
     0 | D:1      | Doot the Octopode Enchanter began the quest for the Orb.
     0 | D:1      | Reached XP level 1. HP: 11/11 MP: 3/3
   539 | D:1      | Reached XP level 2. HP: 18/18 MP: 5/5
   547 | D:1      | Learned a level 2 spell: Ensorcelled Hibernation
  1301 | D:2      | Reached XP level 3. HP: 17/22 MP: 1/6
  2082 | D:4      | Found Fidal's Antique Weapon Shoppe.
  2126 | D:4      | Learned a level 3 spell: Confusing Touch
  2174 | D:4      | Found a glowing drain.
  2182 | D:4      | Reached skill level 1 in Ice Magic
  2191 | Sewer    | Entered a sewer
  2204 | Sewer    | Reached skill level 5 in Stealth
  2215 | Sewer    | Reached XP level 4. HP: 27/27 MP: 5/7
  2737 | Sewer    | Noticed a kobold brigand
  2738 | Sewer    | Noticed a kobold brigand
  2942 | Sewer    | Noticed a kobold brigand
  2968 | Sewer    | Killed a kobold brigand
  2969 | Sewer    | Reached skill level 6 in Stealth
  2969 | Sewer    | Reached XP level 5. HP: 24/32 MP: 6/9
  3059 | Sewer    | Learned a level 3 spell: Mephitic Cloud
  3148 | Sewer    | Killed a kobold brigand
  3149 | Sewer    | Reached XP level 6. HP: 37/37 MP: 10/10
  3153 | Sewer    | Reached skill level 1 in Fighting
  3531 | D:5      | Entered Level 5 of the Dungeon
  3540 | D:5      | Reached skill level 7 in Stealth
  3540 | D:5      | Found a blossoming altar of Fedhas.
  3592 | D:5      | Noticed a wyvern
  3598 | D:5      | Killed a wyvern
  3599 | D:5      | Reached XP level 7. HP: 43/43 MP: 12/12
  5024 | D:5      | Reached XP level 8. HP: 32/48 MP: 11/15
  5185 | D:6      | Found a hide-covered altar of Uskayaw.
  5319 | D:6      | Reached skill level 5 in Spellcasting
  5384 | D:6      | Reached skill level 8 in Stealth
  6251 | D:6      | Noticed a hornet
  6378 | D:6      | Killed a hornet
  6379 | D:6      | Reached skill level 9 in Stealth
  6379 | D:6      | Reached XP level 9. HP: 54/54 MP: 16/18
  6631 | D:6      | Found an ornate altar of the Wu Jian Council.
  6639 | D:6      | Found a radiant altar of Vehumet.
  6642 | D:6      | Found a shimmering blue altar of Sif Muna.
  6646 | D:6      | Became a worshipper of Sif Muna the Loreminder
  7107 | D:1      | Learned a level 3 spell: Tukima's Dance
  7112 | D:1      | Learned a level 4 spell: Fulminant Prism
  7650 | D:3      | Found Dalearan's Jewellery Shop.
  8115 | D:3      | Found a burning altar of Makhleb.
  9084 | D:7      | Found a bloodstained altar of Trog.
  9086 | D:7      | Found a sacrificial altar of Ru.
  9090 | D:7      | Found a staircase to the Ecumenical Temple.
  9104 | Temple   | Entered the Ecumenical Temple
  9110 | D:7      | Noticed Menkaure
  9127 | D:7      | Killed Menkaure
  9127 | D:7      | Reached * piety under Sif Muna
  9128 | D:7      | Reached skill level 5 in Hexes
  9505 | D:7      | Noticed Joseph
  9576 | D:8      | Reached skill level 1 in Invocations
  9691 | D:8      | Reached skill level 10 in Stealth
  9930 | D:8      | Identified the +9 falchion "Juijoloc" {vorpal, Str+2}
 10067 | D:8      | Reached XP level 10. HP: 61/61 MP: 17/20
 10629 | D:9      | Noticed a two-headed ogre
 10635 | D:9      | Killed a two-headed ogre
 10636 | D:9      | Reached skill level 11 in Stealth
 11885 | D:10     | Entered Level 10 of the Dungeon
 11997 | D:10     | HP: 3/62 [centaur warrior zombie (2)]
 11998 | D:10     | Slain by a centaur warrior zombie

Illustrated notes

Levels and vault maps discovered:
D:1:      minmay_arrival_checkered_box, layout_basic
D:2:      layout_loops_cross, minmay_worlds_worst_comb
D:3:      layout_basic, demons_altar, serial_shops, shop, lemuel_another_geyser
D:4:      layout_basic, serial_shops, nicolae_stop_n_shop_1,
          portal_sewer_entry_a
D:5:      layout_loops_ring, fedhas_altar_3
D:6:      layout_loops_ring, minitemple, nicolae_uskayaw_dance_hall
D:7:      layout_loops_cross, grunt_temple_overflow_open,
          minmay_temple_entry_proselytizer, nicolae_figureground_sparkle,
          uniq_joseph, uniq_menkaure
D:8:      layout_basic, grunt_decor_mini_mirrors
D:9:      layout_small_grid, chequers_serial_rivers_large_a, nrook_pool_corridor
D:10:     layout_irregular_city, due_lair_maze_entry_diamond,
          minmay_increasing_density
Temple:   eino_narrow_crystal_temple

Skill      XL: |  1  2  3  4  5  6  7  8  9 10 |
---------------+-------------------------------+-----
Ice Magic      | 1 2 3 4 |  4.3
Stealth        | 5 6 7 9 10 11 | 11.5
Short Blades   | 2 3 4 |  4.5
Spellcasting   | 3 4 6 7 8 |  8.0
Fighting       | 1 2 |  2.9
Hexes          | 4 5 |  5.7
Dodging        | 3 |  3.6
Invocations    | 2 4 |  4.1
Shields        | |  0.8

Action                   |  1- 3 |  4- 6 |  7- 9 | 10-12 || total
-------------------------+-------+-------+-------+-------++-------
Melee: Dagger            |    60 |    56 |   205 |    44 ||   365
       Constrict         |    14 |    14 |    35 |     6 ||    69
       Tentacles         |    14 |     5 |    57 |     9 ||    85
       Punch             |       |       |     8 |     2 ||    10
       Short sword       |       |       |       |     6 ||     6
 Cast: Ensorcelled Hiber |     9 |    12 |    40 |    18 ||    79
       Confusing Touch   |       |       |     9 |     2 ||    11
       Tukima's Dance    |       |       |       |     5 ||     5
  Use: Potion            |       |       |       |     2 ||     2
 Stab: Sleeping          |    20 |    15 |    46 |    17 ||    98
       Confused          |       |       |     1 |     1 ||     2
Armor: Skin              |     1 |     3 |    11 |     1 ||    16
Dodge: Dodged            |    36 |    31 |    83 |    16 ||   166
Block: Buckler           |     4 |     5 |    16 |     5 ||    30
